 Dungeon Sprint DCSS version 0.31-a0-37-g98a128e1d9 (webtiles) character file.

Game seed: 10319358455671477814

5271 fozzywoppz the Unseen (level 10, -16/59 HPs)
             Began as a Spriggan Enchanter on May 15, 2023.
             Was a High Priest of Sif Muna.
             Demolished by Donald
             ... wielding a +1 war axe of holy wrath
              (41 damage)
             ... in the Dungeon (Sprint III: "The Ten Rune Challenge").
             The game lasted 00:12:07 (826 turns).

fozzywoppz the Unseen (Spriggan Enchanter)           Turns: 826, Time: 00:12:08

Health: -16/59     AC: 15    Str:  6    XL:     10   Next: 36%
Magic:  13/19      EV: 34    Int: 17    God:    Sif Muna [*****.]
Gold:   4535       SH:  0    Dex: 18    Spells: 7/17 levels left

rFire   . . .        l - melded +2 dagger (speed)
rCold   . . .        (shield currently unavailable)
rNeg    . . .        b - melded +0 robe
rPois   ∞            (helmet currently unavailable)
rElec   +            (cloak currently unavailable)
rCorr   .            (gloves unavailable)
SInv    +            (boots unavailable)
Will    +....        (no amulet)
Stlth   ++++++       (no ring)
HPRegen 0.29/turn    (no ring)
MPRegen 0.16/turn

%: no teleportation
@: storm-form, flying
A: cleaving, insubstantial, flying, very small, no large weapons, unfitting
armour, see invisible, (speed 3), (hooves 1)
a: Blinkbolt, End Transformation, Renounce Religion, Channel Magic, Forget
Spell, Divine Exegesis


You were in the Dungeon.
You worshipped Sif Muna.
Sif Muna was extremely pleased with you.
You were a lightning-filled tempest!
You visited 1 branch You collected 4570 gold pieces.
You spent 35 gold pieces at shops.

Inventory:

Hand Weapons
 l - a +2 dagger of speed (melded)
Missiles
 k - 5 stones (quivered)
Armour
 b - a +0 robe (melded)
Potions
 a - 2 potions of might
 c - a potion of invisibility
 d - 2 potions of curing
 e - a potion of heal wounds
 f - a potion of haste
 g - 2 potions of magic
 h - a potion of berserk rage
 i - a potion of lignification
 j - 2 potions of mutation
 m - 2 potions of flight
Miscellaneous
 n - a tin of tremorstones (2/2)


   Skills:
 - Level 10.0 Fighting
 - Level 10.0 Short Blades
 + Level 15.8 Dodging
 + Level 16.1 Stealth
 - Level 4.0 Spellcasting
 + Level 7.1 Hexes
 - Level 2.0 Ice Magic
 + Level 10.9 Invocations


You had 7 spell levels left.
You knew the following spells:

 Your Spells              Type           Power      Damage    Failure   Level
a - Ensorcelled Hibernat  Hex/Ice        36%        N/A       3%          2
b - Confusing Touch       Hex            27%        N/A       2%          3
c - Tukima's Dance        Hex            27%        N/A       2%          3
d - Blink                 Tloc           6%         N/A       24%         2

Your spell library contained the following spells:

 Spells                   Type           Power      Damage    Failure   Level
 Dazzling Flash           Conj/Hex       30%        N/A       11%         3
 Scorch                   Fire           6%         2d5       24%         2
 Mephitic Cloud           Conj/Pois/Air  3%         N/A       43%         3
 Swiftness                Air            3%         N/A       43%         3
 Vhi's Electric Charge    Tloc/Air       6%         N/A       43%         3
 Animate Armour           Summ/Erth      6%         N/A       83%         4
 Flame Wave               Conj/Fire      3%         2d5       83%         4
 Manifold Assault         Tloc           3%         N/A       83%         4
 Arcjolt                  Conj/Air       1%         1d11      99%         5
 Blade Hands              Tmut           1%         N/A       99%         5
 Iron Shot                Conj/Erth      1%         9d1       100%        6
 Summon Cactus Giant      Summ           1%         N/A       100%        6
 Storm Form               Tmut/Air       1%         N/A       100%        7


Dungeon Overview and Level Annotations

Branches:
Dungeon (1/1)

Altars:
Cheibriados
Dithmenos
Elyvilon
Fedhas
Gozag
Hepliaklqana
Kikubaaqudgha
Makhleb
Nemelex Xobeh
Okawaru
Qazlal
Ru
Sif Muna
Trog
Uskayaw
Vehumet
Wu Jian
Xom
Yredelemnul
Zin
The Shining One
Jiyva
Lugonu

Shops:
D *

Annotations:
D Donald, Frances


Innate Abilities, Weirdness & Mutations

You are a lightning-filled tempest!
Your electrical attacks strike out in all directions at once.
You are incredibly evasive.
Your insubstantial body is immune to petrification, constriction, and being set on fire You are flying.
You are immune to poison.
Your armour is entirely melded.
You are incapable of wielding weapons or throwing items.
You are very small and have problems with some larger weapons.
You are too small for most types of armour.
You have supernaturally acute eyesight. (SInv)
((You cover ground extremely quickly. (Speed+++)))
((You have large cloven feet.))


Message History

Frances screams a word of power!
You hit Donald. Lightning courses through Donald!
Donald is lightly wounded.
You hit the hellwing but do no damage. You barely miss Frances.
You barely miss the rust devil. Donald blocks your attack.
Frances completely misses you. Donald misses you.
You hit Frances.
Frances is lightly wounded.
You buffet Donald!
You buffet the rust devil!
Donald closely misses you. Frances completely misses you.
The rust devil completely misses you.
You buffet Frances!
Frances is lightly wounded.
You hit the rust devil.
You buffet Donald!
Lightning courses through Donald! Frances completely misses you.
Donald hits you with a +1 war axe of holy wrath!!
Ouch! That really hurt!
The rust devil completely misses you.
The rust devil attacks as you move away!
The rust devil misses you. Frances attacks as you move away!
Frances hits you but does no damage.
The hellwing swoops through the air toward you!
The hellwing completely misses you.
The hellwing hits you but does no damage.
You batter Donald!!
Donald is severely wounded.
You hit the hellwing but do no damage.
Donald gestures wildly while chanting.
Donald seems to speed up.
The hellwing hits you. The hellwing completely misses you.
You buffet Donald!
Donald is severely wounded.
You hit the hellwing but do no damage.
Donald fails to trigger a net trap.
The hellwing closely misses you.
The hellwing hits you but does no damage.
You hit Donald but do no damage.
Donald is severely wounded.
You hit the rust devil. You hit the hellwing but do no damage.
Donald hits you with a +1 war axe of holy wrath!!!
Ouch! That really hurt!
You die...

'#####################
....#)#)#.....#...^..+
#.#.)#.##.###.#....^.#
##.#.#)##.#).##....^^#
...#..#..##.)'.......#
▓▓▓▓▓▓▓▓▓▓▓▓▓#^...^.^#
.......~~~...#...^...#
≈≈≈≈≈≈≈≈≈♣♣..'..4.^..#
♣♣♣♣♣♣♣♣♣♣♣..#.@v....#
♣♣♣##4###### #.4@+
#...# #...# #####


You could see Donald (fast, strong, reflecting), a hellwing (summoned) and 2
rust devils.

Vanquished Creatures
  Erolcha (D)
  An orc high priest (D)
  2 orc knights (D)
  A deep elf pyromancer (D)
  3 wandering mushrooms (D)
  A shadow (D)
  2 redbacks (D)
  A spatial vortex (D)
  2 orc warriors (D)
  5 two-headed ogres (D)
  A necrophage (D)
  A water elemental (D)
  A jelly (D)
  2 orc priests (D)
  Jessica (D)
  A wizard (D)
  A necromancer (D)
  4 orc wizards (D)
  3 humans (D)
  A kobold demonologist (D)
  A phantom (D)
  7 orcs (D)
  3 rats (D)
  A ballistomycete spore (D)
47 creatures vanquished.

Notes
Turn   | Place    | Note
-------+----------+-------------------------------------------
     0 | D        | fozzywoppz the Spriggan Enchanter began the quest for the
                  | Orb.
     0 | D        | Reached XP level 1. HP: 9/9 MP: 5/5
    27 | D        | Noticed Jessica
    31 | D        | Killed Jessica
    32 | D        | Reached skill level 6 in Stealth
    32 | D        | Reached XP level 2. HP: 13/13 MP: 6/8
    59 | D        | Reached XP level 3. HP: 16/16 MP: 7/9
    62 | D        | Learned a level 2 spell: Ensorcelled Hibernation
    69 | D        | Reached skill level 5 in Dodging
    69 | D        | Reached skill level 5 in Hexes
    74 | D        | Learned a level 3 spell: Confusing Touch
    80 | D        | Learned a level 3 spell: Tukima's Dance
    95 | D        | Gained mutation: You are vulnerable to cold. (rC-) [potion
                  | of mutation]
    95 | D        | Gained mutation: You are partially covered in iridescent
                  | scales. (AC +2) [potion of mutation]
    96 | D        | Lost mutation: You are partially covered in iridescent
                  | scales. (AC +2) [potion of mutation]
    96 | D        | Lost mutation: You are vulnerable to cold. (rC-) [potion of
                  | mutation]
    96 | D        | Gained mutation: You have large cloven feet. [potion of
                  | mutation]
   102 | D        | Noticed a water elemental
   105 | D        | Killed a water elemental
   106 | D        | Reached skill level 5 in Short Blades
   106 | D        | Reached skill level 8 in Stealth
   106 | D        | Reached XP level 4. HP: 21/21 MP: 11/11
   108 | D        | Found a radiant altar of Vehumet.
   109 | D        | Found a shimmering blue altar of Sif Muna.
   109 | D        | Found an ancient bone altar of Kikubaaqudgha.
   109 | D        | Noticed a wizard
   110 | D        | Killed a wizard
   111 | D        | Reached skill level 9 in Stealth
   113 | D        | Reached XP level 5. HP: 24/24 MP: 12/12
   126 | D        | Found a glowing silver altar of Zin.
   126 | D        | Found a glowing golden altar of the Shining One.
   126 | D        | Found a white marble altar of Elyvilon.
   127 | D        | Noticed a deep elf pyromancer
   129 | D        | Killed a deep elf pyromancer
   130 | D        | Reached skill level 13 in Stealth
   130 | D        | Reached XP level 6. HP: 28/28 MP: 13/13
   130 | D        | Reached XP level 7. HP: 32/32 MP: 14/14
   135 | D        | Found a hide-covered altar of Uskayaw.
   135 | D        | Found an iron altar of Okawaru.
   135 | D        | Found a bloodstained altar of Trog.
   135 | D        | Found an ornate altar of the Wu Jian Council.
   135 | D        | Noticed a human
   135 | D        | Noticed a human
   138 | D        | Killed a human
   139 | D        | Reached skill level 10 in Short Blades
   139 | D        | Reached skill level 14 in Stealth
   139 | D        | Killed a human
   140 | D        | Reached skill level 15 in Stealth
   140 | D        | Reached skill level 1 in Fighting
   140 | D        | Reached skill level 1 in Ice Magic
   155 | D        | Became a worshipper of Sif Muna the Loreminder
   166 | D        | Found a basalt altar of Yredelemnul.
   166 | D        | Found a shadowy altar of Dithmenos.
   166 | D        | Found a sacrificial altar of Ru.
   217 | D        | Noticed a shadow
   227 | D        | Killed a shadow
   227 | D        | Reached * piety under Sif Muna
   228 | D        | Reached XP level 8. HP: 27/40 MP: 6/15
   282 | D        | Found a blossoming altar of Fedhas.
   282 | D        | Found a stormy altar of Qazlal.
   282 | D        | Found a snail-covered altar of Cheibriados.
   282 | D        | Found a burning altar of Makhleb.
   282 | D        | Found a shimmering altar of Xom.
   283 | D        | Found a hazy altar of Hepliaklqana.
   283 | D        | Found an opulent altar of Gozag.
   283 | D        | Found a sparkling altar of Nemelex Xobeh.
   283 | D        | Found a corrupted altar of Lugonu.
   283 | D        | Found a viscous altar of Jiyva.
   303 | D        | Reached ** piety under Sif Muna
   304 | D        | Reached skill level 1 in Invocations
   309 | D        | Reached skill level 5 in Fighting
   313 | D        | Noticed a two-headed ogre
   323 | D        | Killed a two-headed ogre
   332 | D        | Noticed a two-headed ogre
   332 | D        | Noticed Erolcha
   334 | D        | Killed Erolcha
   334 | D        | Reached *** piety under Sif Muna
   335 | D        | Reached skill level 15 in Dodging
   335 | D        | Reached XP level 9. HP: 50/50 MP: 12/16
   335 | D        | Killed a two-headed ogre
   370 | D        | Found Keth's General Store.
   371 | D        | Noticed an orc high priest
   372 | D        | Noticed an orc knight
   377 | D        | Noticed a soul eater
   378 | D        | Reached **** piety under Sif Muna
   382 | D        | Killed an orc high priest
   386 | D        | Reached ***** piety under Sif Muna
   386 | D        | Received a gift from Sif Muna
   387 | D        | Got Sif Muna's Cyclopedia of Correspondence and Turbulence
                  | {god gift}
   390 | D        | Noticed an orc knight
   391 | D        | Killed an orc knight
   392 | D        | Reached skill level 10 in Invocations
   392 | D        | Reached XP level 10. HP: 33/59 MP: 14/18
   494 | D        | Reached skill level 10 in Fighting
   533 | D        | Bought a potion of lignification for 30 gold pieces
   533 | D        | Bought 5 stones for 5 gold pieces
   591 | D        | Received a gift from Sif Muna
   596 | D        | Learned a level 2 spell: Blink
   658 | D        | Killed an orc knight
   707 | D        | Reached skill level 16 in Stealth
   722 | D        | Noticed a cane toad
   722 | D        | Noticed a cane toad
   815 | D        | Noticed Donald
   816 | D        | Noticed Frances
   817 | D        | Noticed a rust devil
   819 | D        | Noticed a rust devil
   826 | D        | Demolished by Donald

Illustrated notes

Levels and vault maps discovered:
D:        dungeon_sprint_mu [sprint_mu_entry_cave, sprint_mu_temple_rooms,
          sprint_mu_d1_spiders, sprint_mu_d2_genie, sprint_mu_d3_branching,
          sprint_mu_orc_legion, sprint_mu_elf_gauntlet, sprint_mu_hive_nellie,
          sprint_mu_lair_fedhas, sprint_mu_vaults_butterflies,
          sprint_mu_slime_circle, sprint_mu_shoals_kraken,
          sprint_mu_snake_twists, sprint_mu_blade_basic,
          sprint_mu_crypt_chambers, sprint_mu_tomb_spiral,
          sprint_mu_vestibule_basic, sprint_mu_gehenna_hellfire,
          sprint_mu_dis_giant, sprint_mu_tartarus_statrot,
          sprint_mu_cocytus_islands, sprint_mu_zot1]

Skill      XL: |  1  2  3  4  5  6  7  8  9 10 |
---------------+-------------------------------+-----
Dodging        | 4 6 7 11 13 15 | 15.8
Short Blades   | 2 3 5 6 9 10 | 10.0
Stealth        | 6 8 9 13 15 16 | 16.1
Spellcasting   | 4 |  4.0
Hexes          | 4 5 7 |  7.1
Fighting       | 3 7 9 10 | 10.0
Ice Magic      | 2 |  2.0
Invocations    | 6 10 | 10.9

Action                     |  1- 3 |  4- 6 |  7- 9 | 10-12 || total
---------------------------+-------+-------+-------+-------++-------
  Melee: Dagger            |    15 |     3 |    32 |    48 ||    98
         Kick              |       |       |     7 |    19 ||    26
         Unarmed           |       |       |       |     8 ||     8
         Punch             |       |       |       |     2 ||     2
   Cast: Ensorcelled Hiber |     1 |       |     5 |    11 ||    17
         Confusing Touch   |       |       |     2 |       ||     2
         Blink             |       |       |       |     1 ||     1
         Tukima's Dance    |       |       |       |     1 ||     1
         Storm Form        |       |       |       |     1 ||     1
 Invoke: Divine Exegesis   |       |       |       |     1 ||     1
  Evoke: Tin of tremorston |       |       |     2 |     2 ||     4
    Use: Scroll            |     3 |       |     2 |       ||     5
         Potion            |     2 |       |     2 |     1 ||     5
   Stab: Sleeping          |     5 |     3 |    12 |     3 ||    23
         Confused          |       |       |     2 |       ||     2
         Invisible         |       |       |     1 |     1 ||     2
         Distracted        |       |       |       |     1 ||     1
 Armour: Robe              |     1 |       |       |       ||     1
         Skin              |       |       |       |     3 ||     3
  Dodge: Dodged            |     7 |       |    10 |    30 ||    47

Table legend: (Time is in decaauts)
 A = Elapsed time spent in this place.
 B = Non-inter-level travel time spent in this place.
 C = Inter-level travel time spent in this place.
 D = Time resting spent in this place.
 E = Time spent auto-exploring this place.
 F = Levels seen in this place.
 G = Mean time per level.
                   A        B        C        D        E       F      G
               +--------+--------+--------+--------+--------+-----+--------+
         Total |    620 |    620 |      0 |    210 |      0 |   1 |  620.0 |
       Dungeon |    620 |    620 |      0 |    210 |      0 |   1 |  620.0 |
               +--------+--------+--------+--------+--------+-----+--------+

Top non-repeatable levels by time:
       D: 620 daAuts
